 Dungeon Crawl Stone Soup version 0.20-a0-1116-gaa52201 (webtiles) character file.

284 Cerepol the Chopper (level 6, -7/47 HPs)
             Began as a Formicid Fighter on May 9, 2017.
             Killed from afar by an orc wizard (11 damage)
             ... with a magic dart
             ... on level 3 of the Dungeon.
             The game lasted 00:04:23 (2365 turns).

Cerepol the Chopper (Formicid Fighter)              Turns: 2365, Time: 00:04:24

Health: -7/47      AC: 11    Str: 22    XL:     6   Next: 54%
Magic:  6/6        EV:  4    Int: 11    God:
Gold:   54         SH:  9    Dex: 10    Spells: 5/5 levels left

rFire    . . .     SeeInvis +   a - +0 war axe
rCold    . . .     Gourm    .   c - +0 shield
rNeg     . . .     Faith    .   i - +0 plate armour (curse)
rPois    .         Spirit   .   (helmet unavailable)
rElec    .         Reflect  .   (no cloak)
rCorr    .         Harm     .   (no gloves)
MR       .....                  (no boots)
Stlth    ..........             r - amulet of magic regeneration
Regen    0.2/turn               o - +3 ring of intelligence
MPRegen  0.2/turn               (no ring)

@: no status effects
A: permanent stasis, dig shafts and tunnels, four strong arms, antennae 3
a: Dig, Shaft Self


You were on level 3 of the Dungeon.
You were hungry.

You visited 1 branch of the dungeon, and saw 3 of its levels.

You collected 54 gold pieces.

Inventory:

Hand Weapons
 a - a +0 war axe (weapon)
Armour
 b - a +0 scale mail
 c - a +0 shield (worn)
 i - a cursed +0 plate armour (worn)
Jewellery
 o - a +3 ring of intelligence (left hand)
 r - an amulet of magic regeneration (around neck)
Scrolls
 e - 2 scrolls of remove curse {unknown}
 l - 2 scrolls of identify {unknown}
 n - 2 scrolls of amnesia {unknown}
 p - a scroll of enchant weapon {unknown}
 q - a scroll of enchant armour {unknown}
Potions
 d - a potion of might
 j - a potion of curing {unknown}
 k - a potion of mutation {unknown}
Comestibles
 f - 4 bread rations
 g - 8 chunks of flesh
 h - 7 fruits
 m - 2 royal jellies


   Skills:
 - Level 3.2 Fighting
 + Level 6.4 Axes
 - Level 3.2 Armour
 - Level 3.6 Shields


You had 5 spell levels left.
You didn't know any spells.

Dungeon Overview and Level Annotations

Branches:
Dungeon (3/15)

Altars:


Innate Abilities, Weirdness & Mutations

You cannot be hasted, slowed, berserked, paralysed or teleported.
You can dig through walls and to a lower floor.
Your four strong arms can wield two-handed weapons with a shield.
You have a pair of large antennae on your head. (SInv)


Message History

The orc wizard is severely wounded.
Your plate armour prevents you from hitting the orc wizard.
The orc wizard casts a spell at you. The puff of flame hits you!
* * * LOW HITPOINT WARNING * * *
The orc wizard hits you but does no damage. x2
You hit the orc wizard.
The orc wizard is almost dead.
Your shield and plate armour prevent you from hitting the orc wizard.
The orc wizard hits you but does no damage. x2
You closely miss the orc wizard.
The orc wizard is heavily wounded.
You hit the orc wizard.
You kill the orc wizard!
The orc wizard hits you but does no damage. x2
You closely miss the orc wizard.
The orc wizard is heavily wounded.
The orc wizard gestures at you while chanting.
The magic dart hits you!
You die...

.......... ..<.......
#........... .[####.#.#
#...........# .('....#
#..........<. ))#####..
#............ ..####
+............ .....#
#............ .).#.#
#<..†)....... ...#.#
#####...@)....... ##.#.#
........o)....... ##.#.#
####...........#
...#.########...##########
##.....##.......#
#.....##.......#
#.....##.......#
#..............#
#......#.......#


You could see an orc wizard.

Vanquished Creatures
  2 orc wizards (D:3)
  An orc priest (D:3)
  Jessica (D:2)
  2 adders
  4 gnolls
  3 oozes (D:1)
  3 worms (D:2)
  A dart slug (D:1)
  7 leopard geckos
  5 orcs (D:3)
  5 giant cockroaches
  4 goblins
  9 hobgoblins
  3 jackals (D:2)
  10 kobolds
  2 quokkas (D:2)
  10 bats
  6 frilled lizards
  4 rats
82 creatures vanquished.

Notes
Turn   | Place    | Note
-------+----------+-------------------------------------------
     0 | D:1      | Cerepol the Formicid Fighter began the quest for the Orb.
     0 | D:1      | Reached XP level 1. HP: 18/18 MP: 1/1
   239 | D:1      | Reached XP level 2. HP: 21/24 MP: 2/2
   340 | D:1      | Reached skill level 3 in Axes
   448 | D:1      | Reached XP level 3. HP: 15/29 MP: 3/3
  1174 | D:1      | Reached XP level 4. HP: 35/35 MP: 4/4
  1176 | D:1      | Reached skill level 4 in Axes
  1765 | D:1      | Reached XP level 5. HP: 27/41 MP: 5/5
  1768 | D:1      | Reached skill level 5 in Axes
  2096 | D:2      | Noticed Jessica
  2099 | D:2      | Killed Jessica
  2269 | D:3      | Reached XP level 6. HP: 33/47 MP: 6/6
  2278 | D:3      | Reached skill level 6 in Axes
  2365 | D:3      | Killed from afar by an orc wizard

Vault maps used:
D:1:      lightli_arrival_statuegarden
D:2:      first_bread, uniq_jessica

Skill      XL: |  1  2  3  4  5  6 |
---------------+-------------------+-----
Axes           | 3 4 5 6 |  6.4
Fighting       | |  3.2
Armour         | |  3.2
Shields        | |  3.6

Action                   |  1- 3 |  4- 6 || total
-------------------------+-------+-------++-------
Melee: War axe           |   158 |   182 ||   340
  Eat: Chunk             |     1 |     4 ||     5
Armor: Scale mail        |    20 |       ||    20
       Plate armour      |    77 |   145 ||   222
Dodge: Dodged            |    54 |    45 ||    99
Block: Shield            |    60 |   146 ||   206
